 Dungeon Crawl Stone Soup version 0.29-a0-872-g797fff5ad1 (webtiles) character file.

Game seed: 9814687887895423956

2229 MirrMurr the Spear-Bearer (level 9, -3/78 HPs)
             Began as a Minotaur Gladiator on July 19, 2022.
             Was an Initiate of Trog.
             Slain by Joseph
             ... wielding a +2 spectral quarterstaff
              (16 damage)
             ... on level 7 of the Dungeon.
             The game lasted 00:10:33 (7647 turns).

MirrMurr the Spear-Bearer (Minotaur Gladiator)      Turns: 7647, Time: 00:10:33

Health: -3/78      AC:  8    Str: 19    XL:     9   Next: 14%
Magic:  8/8        EV: 17    Int:  7    God:    Trog [......]
Gold:   312        SH:  0    Dex: 14    Spells: 8/8 levels left

rFire   . . .      SeeInvis .   a - +1 trident (chaos)
rCold   . . .      Faith    .   (no shield)
rNeg    + . .      Spirit   .   y - +0 ring mail
rPois   .          Reflect  .   c - +0 hat
rElec   .          Harm     .   x - +2 cloak
rCorr   .          Rampage  .   (no gloves)
Will    .....                   (no boots)
Stlth   +.........              (no amulet)
HPRegen 0.23/turn               C - +4 ring of evasion
MPRegen 0.11/turn               b - ring of positive energy

@: no status effects
A: horns 2, retaliatory headbutt
a: Renounce Religion


You were on level 7 of the Dungeon.
You worshipped Trog.
Trog was noncommittal.
You visited 2 branches of the dungeon, and saw 8 of its levels.

You collected 312 gold pieces.

Inventory:

Hand Weapons
 a - a +1 trident of chaos (weapon)
Missiles
 d - 3 throwing nets
 e - 7 javelins
 i - 5 poisoned darts
 j - 6 boomerangs
 o - 19 stones (quivered)
 D - 5 curare-tipped darts
Armour
 c - a +0 hat (worn)
 x - a +2 cloak (worn)
 y - a +0 ring mail (worn)
 A - a +0 chain mail
Jewellery
 b - a ring of positive energy (right hand)
 C - a +4 ring of evasion (left hand)
 E - a ring of wizardry
Scrolls
 m - 4 scrolls of blinking
 s - a scroll of fear {unknown}
 t - a scroll of silence
 w - a scroll of magic mapping {unknown}
 B - a scroll of fog
 F - 2 scrolls of identify
Potions
 f - 3 potions of attraction
 g - 4 potions of curing
 h - 2 potions of magic {unknown}
 k - a potion of resistance {unknown}
 l - a potion of brilliance {unknown}
 n - a potion of flight {unknown}
 p - a potion of haste {unknown}
 q - 4 potions of mutation
 r - a potion of ambrosia {unknown}
 u - 2 potions of lignification {unknown}
 v - 3 potions of might
 z - 2 potions of heal wounds {unknown}


   Skills:
 + Level 6.9 Fighting
 * Level 9.9 Polearms
 + Level 5.7 Throwing
 + Level 6.7 Dodging


You had 8 spell levels left.
You didn't know any spells.
Your spell library contained the following spells:

 Spells                   Type           Power      Damage    Failure   Level
 Summon Small Mammal      Summ           0%         N/A       63%         1
 Call Canine Familiar     Summ           0%         N/A       94%         3
 Summon Guardian Golem    Hex/Summ       0%         N/A       94%         3


Dungeon Overview and Level Annotations

Branches:
Dungeon (7/15)             Temple (1/1) D:6

Altars:
Ashenzari
Dithmenos
Elyvilon
Fedhas
Gozag
Hepliaklqana
Kikubaaqudgha
Makhleb
Nemelex Xobeh
Qazlal
Ru
Sif Muna
Trog
Uskayaw
Vehumet
Wu Jian
Xom
Yredelemnul
Zin
The Shining One

Shops:
D:6 *[

Annotations:
D:6 exclusion: statue
D:7 Joseph


Innate Abilities, Weirdness & Mutations

You have a pair of horns on your head.
You reflexively headbutt those who attack you in melee.


Message History

Joseph hits you with a +2 spectral quarterstaff!
You barely miss Joseph. You headbutt Joseph!
Joseph is lightly wounded.
Joseph misses you.
You hit Joseph.
Joseph seems to speed up.
You headbutt Joseph!
Joseph is moderately wounded.
Joseph hits you with a +2 spectral quarterstaff!!
You puncture Joseph! You burn Joseph. Your headbutt misses Joseph.
Joseph is moderately wounded.
Joseph hits you with a +2 spectral quarterstaff!
You are too injured to fight recklessly!
You are too injured to fight recklessly!
You are too injured to fight recklessly!
Okay, then.
You puncture Joseph! You freeze Joseph. You headbutt Joseph!
Joseph is heavily wounded.
Joseph hits you with a +2 spectral quarterstaff!!
* * * LOW HITPOINT WARNING * * *
You closely miss Joseph.
Joseph is heavily wounded.
Joseph misses you.
You barely miss Joseph.
Joseph is heavily wounded.
Joseph misses you. You furiously retaliate!
You headbutt Joseph, but do no damage. Joseph closely misses you.
You closely miss Joseph.
Joseph is heavily wounded.
Joseph barely misses you.
Unknown command.
You hit Joseph.
Joseph is heavily wounded.
Joseph barely misses you.
You hit Joseph.
Joseph is heavily wounded.
Joseph hits you with a +2 spectral quarterstaff.
* * * LOW HITPOINT WARNING * * *
You hit Joseph. You burn Joseph. You headbutt Joseph.
Joseph is severely wounded.
Joseph hits you with a +2 spectral quarterstaff!
You die...

....# ....
@..# ..#
..##
#######+#..
..........#
P..[....@.#
P......>@.#
P......<..#
P.....)...#
P.........#
P.#####+#.#
P #.# ..#
..# ..#


You could see Joseph (berserk, fast).

Vanquished Creatures
  A water moccasin (D:7)
  A black bear (D:6)
  An ice beast (D:6)
  3 centaurs
  2 ogres
  2 phantoms (D:6)
  A gnoll sergeant (D:5)
  2 bullfrogs (D:6)
  3 scorpions
  A necrophage (D:5)
  A wight (D:6)
  5 hounds
  A jelly (D:6)
  Crazy Yiuf (D:2)
  3 orc wizards (D:4)
  Natasha (thrice) (D:2)
  4 iguanas
  16 gnolls
  9 adders
  A white imp (D:6)
  2 ufetubi
  A worm (D:2)
  2 dart slugs (D:5)
  11 orcs
  8 bats
  7 endoplasms
  2 giant cockroaches (D:4)
  A hobgoblin (D:3)
  6 jackals
  3 kobolds
  4 quokkas (D:1)
  10 ball pythons
  4 frilled lizards
  3 goblins
  5 rats
130 creatures vanquished.

Vanquished Creatures (others)
  A phantom (D:6)
  An orc wizard (D:4)
  An orc zombie (D:5)
3 creatures vanquished.

Grand Total: 133 creatures vanquished

Notes
Turn   | Place    | Note
-------+----------+-------------------------------------------
     0 | D:1      | MirrMurr the Minotaur Gladiator began the quest for the
                  | Orb.
     0 | D:1      | Reached XP level 1. HP: 18/18 MP: 0/0
   167 | D:1      | Reached XP level 2. HP: 25/25 MP: 1/1
   262 | D:1      | Reached skill level 4 in Polearms
   276 | D:1      | Found a faded altar of an unknown god.
   837 | D:2      | Reached XP level 3. HP: 30/30 MP: 2/2
   916 | D:2      | Noticed Natasha
   922 | D:2      | Killed Natasha
   986 | D:2      | Reached XP level 4. HP: 38/38 MP: 3/3
  1173 | D:2      | Noticed Natasha
  1181 | D:2      | Killed Natasha
  1182 | D:2      | Reached skill level 5 in Polearms
  1467 | D:2      | Noticed Natasha
  1473 | D:2      | Killed Natasha
  1474 | D:2      | Reached XP level 5. HP: 32/45 MP: 4/4
  1823 | D:2      | Found a runed translucent door.
  1824 | D:2      | Noticed Crazy Yiuf
  1836 | D:2      | Killed Crazy Yiuf
  2527 | D:3      | Found an ornate altar of the Wu Jian Council.
  2527 | D:3      | Found a blossoming altar of Fedhas.
  2527 | D:3      | Found a shimmering altar of Xom.
  3529 | D:4      | Reached XP level 6. HP: 52/52 MP: 5/5
  3535 | D:4      | Reached skill level 6 in Polearms
  4675 | D:5      | Entered Level 5 of the Dungeon
  4716 | D:5      | Reached XP level 7. HP: 57/60 MP: 6/6
  4951 | D:5      | Reached skill level 7 in Polearms
  4951 | D:5      | Reached skill level 5 in Dodging
  5176 | D:5      | Reached skill level 5 in Fighting
  5733 | D:6      | Reached XP level 8. HP: 47/69 MP: 7/7
  5880 | D:6      | Found a radiant altar of Vehumet.
  6026 | D:6      | Reached skill level 8 in Polearms
  6214 | D:6      | Found a staircase to the Ecumenical Temple.
  6228 | Temple   | Entered the Ecumenical Temple
  6361 | Temple   | Became a worshipper of Trog the Wrathful
  6432 | D:6      | Found Igeront's General Store.
  6443 | D:6      | Found Dawupich's Armour Shoppe.
  6539 | D:6      | Reached skill level 5 in Throwing
  6553 | D:6      | Found Wuzoen's Assorted Antiques.
  6885 | D:6      | Reached skill level 9 in Polearms
  7229 | D:6      | Reached XP level 9. HP: 68/78 MP: 8/8
  7560 | D:7      | Noticed Joseph
  7647 | D:7      | Slain by Joseph

Illustrated notes

Levels and vault maps discovered:
D:1:      dpeg_arrival_yet_another_circle, layout_basic,
          chequers_ecumenical_altar_simple, grunt_decor_arrowhead
D:2:      layout_loops_ring, uniq_crazy_yiuf_cottage, uniq_natasha
D:3:      layout_basic, gammafunk_temple_overflow_forgotten,
          dreamdust_mushroom_princess
D:4:      layout_basic, serial_park_tiny_pond
D:5:      layout_cave_pools
D:6:      minmay_chambers_of_threes, layout_basic, vehumet_statue,
          minmay_temple_entry_tees, serial_shops, nicolae_shop_advertising_works
          [nicolae_subvault_shop_adworks], nicolae_shop_window_shopping, shop,
          hex_intersection, hangedman_decor_riveting
D:7:      layout_basic, mainiacjoe_overflow_cross_hatched, serial_shops, shop,
          uniq_joseph
Temple:   kb_temple_of_zot

Skill      XL: |  1  2  3  4  5  6  7  8 |
---------------+-------------------------+-----
Polearms       | 4 5 6 7 9 |  9.9
Fighting       | 3 4 5 6 |  6.9
Dodging        | 4 5 6 |  6.7
Throwing       | 3 4 5 |  5.7

Action                   |  1- 3 |  4- 6 |  7- 9 || total
-------------------------+-------+-------+-------++-------
Melee: Trident           |    65 |   183 |   224 ||   472
       Headbutt          |    14 |    13 |    29 ||    56
       Punch             |       |     2 |     4 ||     6
Throw: Throwing net      |       |     1 |       ||     1
  Use: Scroll            |       |    13 |       ||    13
 Stab: Distracted        |       |       |     1 ||     1
       Confused          |       |       |     1 ||     1
Armor: Leather armour    |    16 |    13 |       ||    29
       Ring mail         |       |    38 |    62 ||   100
Dodge: Dodged            |    26 |    77 |   159 ||   262

Table legend: (Time is in decaauts)
 A = Elapsed time spent in this place.
 B = Non-inter-level travel time spent in this place.
 C = Inter-level travel time spent in this place.
 D = Time resting spent in this place.
 E = Time spent auto-exploring this place.
 F = Levels seen in this place.
 G = Mean time per level.
                   A        B        C        D        E       F      G
               +--------+--------+--------+--------+--------+-----+--------+
         Total |   7654 |   7058 |    596 |     21 |   6013 |   8 |  956.8 |
       Dungeon |   7494 |   6955 |    539 |     21 |   5921 |   7 | 1070.6 |
        Temple |    159 |    103 |     56 |      0 |     92 |   1 |  159.0 |
               +--------+--------+--------+--------+--------+-----+--------+

Top non-repeatable levels by time:
     D:4: 2054 daAuts
     D:6: 1676 daAuts
     D:2: 1191 daAuts
     D:3: 1007 daAuts
     D:1: 768 daAuts
     D:5: 672 daAuts
  Temple: 159 daAuts
     D:7: 123 daAuts
